 Dungeon Crawl Stone Soup version 0.29.1-15-g9cfb28693d (webtiles) character file.

Game seed: 2521411816796839629

42 QwertyIsDirtey the Slasher (level 3, 0/33 HPs)
             Began as a Minotaur Berserker on Mar 24, 2023.
             Was a Believer of Trog.
             Slain by a goblin
             ... wielding a +0 dagger
              (1 damage)
             ... on level 1 of the Dungeon.
             The game lasted 00:03:29 (637 turns).

QwertyIsDirtey the Slasher (Minotaur Berserker)      Turns: 637, Time: 00:03:30

Health: 0/33       AC:  8    Str: 23    XL:     3   Next: 35%
Magic:  2/2        EV:  8    Int:  4    God:    Trog [**....]
Gold:   64         SH:  0    Dex:  9    Spells: 2/2 levels left

rFire   . . .      SeeInvis .   c - +1 mace (drain)
rCold   . . .      Faith    .   (no shield)
rNeg    . . .      Spirit   .   g - +0 chain mail
rPois   .          Reflect  .   (helmet restricted)
rElec   .          Harm     .   (no cloak)
rCorr   .          Rampage  .   (no gloves)
Will    .....                   (no boots)
Stlth   ..........              (no amulet)
HPRegen 0.11/turn               (no ring)
MPRegen 0.08/turn               (no ring)

@: no status effects
A: horns 2, retaliatory headbutt
a: Renounce Religion, Berserk, Trog's Hand


You were on level 1 of the Dungeon.
You worshipped Trog.
Trog was pleased with you.
You visited 1 branch of the dungeon, and saw 1 of its levels.

You collected 64 gold pieces.

Inventory:

Hand Weapons
 a - a +0 falchion
 c - a +1 mace of draining (weapon)
 i - a +0 sling
 j - a +0 whip
Armour
 b - a +0 animal skin
 d - a +0 ring mail
 g - a +0 chain mail (worn)
Jewellery
 m - a ring of fire
Scrolls
 k - a scroll of poison {unknown}
 l - 2 scrolls of teleportation {unknown}
 n - a scroll of fear {unknown}
Potions
 e - a potion of lignification {unknown}
 f - a potion of curing {unknown}
 h - a potion of might {unknown}


   Skills:
 + Level 4.3 Fighting
 + Level 4.3 Long Blades
 + Level 1.0 Maces & Flails
 + Level 2.7 Armour
 + Level 2.4 Dodging


You had 2 spell levels left.
You didn't know any spells.
Your spell library contained the following spells:

 Spells                   Type           Power      Damage    Failure   Level
 Ensorcelled Hibernation  Hex/Ice        0%         N/A       100%        2
 Ozocubu's Armour         Ice            0%         N/A       100%        3
 Spider Form              Tmut/Pois      0%         N/A       100%        3
 Anguish                  Hex/Necr       0%         N/A       100%        4
 Ozocubu's Refrigeration  Ice            0%         4d7       100%        7


Dungeon Overview and Level Annotations

Branches:
Dungeon (1/15)

Altars:


Innate Abilities, Weirdness & Mutations

You have a pair of horns on your head.
You reflexively headbutt those who attack you in melee.


Message History

You see here a +0 leather armour.
Things that are here:
a +0 dagger; a +0 short sword; a kobold corpse
n - a scroll labelled HUETWERHEOTHA
Items here: )) ††.
You see here a dart slug corpse.
An endoplasm and a goblin come into view.
The endoplasm quivers.
A hobgoblin comes into view.
The hobgoblin shouts!
The goblin hits you but does no damage.
The hobgoblin hits you but does no damage.
The goblin hits you with a +0 dagger.
You closely miss the hobgoblin. You headbutt the hobgoblin.
You kill the hobgoblin!
Trog accepts your kill. The endoplasm freezes you.
You are frozen.
The goblin hits you but does no damage. The endoplasm barely misses you.
The goblin hits you with a +0 dagger.
* * * LOW HITPOINT WARNING * * *
You see here a hobgoblin corpse.
The endoplasm barely misses you.
The endoplasm hits you but does no damage.
The goblin hits you but does no damage.
You hit the endoplasm.
The endoplasm is moderately wounded.
The endoplasm freezes you.
You are frozen.
* * * LOW HITPOINT WARNING * * *
The goblin hits you but does no damage. The endoplasm freezes you.
You are frozen.
* * * LOW HITPOINT WARNING * * *
The goblin hits you with a +0 dagger.
* * * LOW HITPOINT WARNING * * *
You hit the endoplasm.
You kill the endoplasm!
Trog accepts your kill. The goblin hits you with a +0 dagger.
You die...
PP

..# #..
..############ ...
............#
#>#######..........#
#.......(..........#
#..................#
...............g...#
#........#......@..#
†........#.........#
.[.................#
##.......##......###
#.......#######...
#.......# ###.#
#.......# ##
#########
###########


You could see a goblin.

Vanquished Creatures
  4 dart slugs (D:1)
  7 endoplasms (D:1)
  3 giant cockroaches (D:1)
  3 goblins (D:1)
  5 hobgoblins (D:1)
  3 kobolds (D:1)
  A quokka (D:1)
  A bat (D:1)
  A frilled lizard (D:1)
  2 rats (D:1)
30 creatures vanquished.

Vanquished Creatures (others)
  25 plants (D:1)
25 creatures vanquished.

Grand Total: 55 creatures vanquished

Notes
Turn   | Place    | Note
-------+----------+-------------------------------------------
     0 | D:1      | QwertyIsDirtey the Minotaur Berserker began the quest for
                  | the Orb.
     0 | D:1      | Reached XP level 1. HP: 19/19 MP: 0/0
   258 | D:1      | Reached XP level 2. HP: 27/27 MP: 1/1
   457 | D:1      | Reached XP level 3. HP: 8/33 MP: 2/2
   584 | D:1      | Reached ** piety under Trog
   598 | D:1      | Reached skill level 1 in Maces & Flails
   636 | D:1      | HP: 1/33 [goblin/+0 dagger (2)]
   637 | D:1      | Slain by a goblin

Illustrated notes

Levels and vault maps discovered:
D:1:      roderic_crop_circles_arrival_large, layout_rooms,
          hellmonk_ecumenical_altar_leap_of_faith, minmay_tetromino_t2

Skill      XL: |  1  2  3 |
---------------+----------+-----
Long Blades    | 4 |  4.3
Fighting       | 4 |  4.3
Maces & Flails | 1 |  1.0
Armour         | |  2.7
Dodging        | |  2.4

Action                   || total
-------------------------++-------
Melee: Mace              ||   101
       Headbutt          ||    39
       Falchion          ||    28
       Punch             ||     1
Armor: Ring mail         ||    15
       Chain mail        ||    37
Dodge: Dodged            ||    51
